 Dungeon Crawl Stone Soup version 0.25-a0-289-g406d6369f5 (webtiles) character file.

Game seed: 5722816651580147944, levelgen mode: deterministic

2485 Anathary the Slicer (level 9, 0/52 HPs)
             Began as a Gargoyle Fighter on Dec 13, 2019.
             Was a Believer of Okawaru.
             Slain by Prince Ribbit (10 damage)
             ... on level 7 of the Dungeon.
             The game lasted 00:32:31 (7310 turns).

Anathary the Slicer (Gargoyle Fighter)              Turns: 7310, Time: 00:32:32

Health: 0/52       AC: 14    Str: 23      XL:     9   Next: 52%
Magic:  9/9        EV:  7    Int:  9      God:    Okawaru [**....]
Gold:   343        SH:  9    Dex:  7 (9)  Spells: 8/8 levels left

rFire    . . .     SeeInvis .   o - +3 rapier (vamp)
rCold    . . .     Gourm    .   c - +0 shield
rNeg     + . .     Faith    +   b - +0 scale mail
rPois    ∞         Spirit   .   z - +0 helmet
rElec    +         Reflect  .   (no cloak)
rCorr    .         Harm     .   (no gloves)
MR       .....                  (no boots)
Stlth    ..........             C - amulet of faith
HPRegen  0.17/turn              B - ring of wizardry
MPRegen  0.11/turn              (no ring)

@: no status effects
A: negative energy resistance 1, electricity resistance, unbreathing,
petrification resistance, rot immunity, AC +6
a: Heroism, Renounce Religion


You were on level 7 of the Dungeon.
You worshipped Okawaru.
Okawaru was pleased with you.
You were not hungry.

You visited 2 branches of the dungeon, and saw 8 of its levels.
You also visited: Sewer.

You collected 343 gold pieces.

Inventory:

Hand Weapons
 a - a +0 war axe
 o - a +3 vampiric rapier (weapon)
 y - the +1 hunting sling of Jelucamu {flame, rPois Str+4}
   (You found it on level 4 of the Dungeon)

   It causes projectiles fired from it to burn those they strike, causing extra
   injury to most foes and up to half again as much damage against particularly
   susceptible opponents.
   It affects your strength (+4).
   It protects you from poison.
Armour
 b - a +0 scale mail (worn)
 c - a +0 shield (worn)
 z - a +0 helmet (worn)
Jewellery
 B - a ring of wizardry (left hand)
 C - an amulet of faith (around neck)
Wands
 k - a wand of digging (3)
Scrolls
 e - 3 scrolls of identify
 h - a scroll of blinking
 i - a scroll of noise {unknown}
 j - 2 scrolls of remove curse {unknown}
 n - 10 scrolls of teleportation {unknown}
 q - 3 scrolls of amnesia {unknown}
 s - a scroll of enchant weapon
 t - a scroll of magic mapping {unknown}
 x - a scroll of fear {unknown}
 D - a scroll of enchant armour {unknown}
Potions
 d - a potion of might
 g - a potion of berserk rage
 l - 4 potions of curing
 m - 2 potions of mutation
 p - 2 potions of flight {unknown}
 r - a potion of ambrosia {unknown}
 u - a potion of heal wounds
 v - a potion of invisibility {unknown}
 w - 2 potions of agility {unknown}
 A - a potion of lignification {unknown}
Comestibles
 f - 6 rations


   Skills:
 + Level 4.2 Fighting
 * Level 10.5 Short Blades
 - Level 3.3 Axes
 + Level 4.4 Armour
 - Level 0.3 Dodging
 - Level 3.2 Shields


You had 8 spell levels left.
You didn't know any spells.
Your spell library was empty.

Dungeon Overview and Level Annotations

Branches:
Dungeon (7/15)             Temple (1/1) D:4           Sewer (visited)

Altars:
Ashenzari
Cheibriados
Dithmenos
Elyvilon
Fedhas
Gozag
Hepliaklqana
Makhleb
Nemelex Xobeh
Okawaru
Ru
Sif Muna
Trog
Uskayaw
Vehumet
Wu Jian
Xom
Zin
The Shining One

Shops:
D:4 (   D:6 ?

Annotations:
D:7 Prince Ribbit


Innate Abilities, Weirdness & Mutations

You are resistant to torment.
Your stone body is resilient. (AC +6)
You are immune to poison.
You resist negative energy. (rN+)
You are resistant to electric shocks. (rElec)
You can survive without breathing.
You are immune to petrification.
You are immune to rotting.


Message History

You barely miss Prince Ribbit.
Prince Ribbit blinks!
You barely miss Prince Ribbit. Prince Ribbit hits you.
You miss Prince Ribbit. Prince Ribbit hits you!
Prince Ribbit hits you but does no damage.
You hit Prince Ribbit.
You feel better.
Prince Ribbit is lightly wounded.
Prince Ribbit hits you!
* * * LOW HITPOINT WARNING * * *
You hit Prince Ribbit but do no damage.
Prince Ribbit is lightly wounded.
Prince Ribbit hits you.
* * * LOW HITPOINT WARNING * * *
You puncture Prince Ribbit!
Prince Ribbit is heavily wounded.
Prince Ribbit hits you.
* * * LOW HITPOINT WARNING * * *
You puncture Prince Ribbit!
Prince Ribbit is almost dead.
Prince Ribbit hits you!
You die...

#####...................>...
###.....................
##...†##............#..
#......##..........## .
##..##...##.....#..##
##..####............# ##..##
###......#...# ###..##
##.......... ....##
##.@....... #..##
#..F....... #..##
#.......... [...##
#...........
.....#######............
......#.................
#####.....####........).
#..)..# ###........ ##.....#


You could see Prince Ribbit.

Vanquished Creatures
  Grinder (D:6)
  Eustachio (D:6)
  A water moccasin (D:5)
  A sky beast (D:6)
  A black bear (D:6)
  4 ogres
  A bullfrog (D:6)
  A wyvern zombie (D:6)
  2 scorpions
  A vampire bat (D:4)
  2 howler monkeys
  2 quasits
  A bullfrog zombie (D:5)
  4 hounds
  Crazy Yiuf (D:3)
  2 bullfrog skeletons (D:5)
  5 orc priests
  3 orc wizards (D:6)
  An iguana (D:4)
  Natasha (thrice) (D:3)
  10 worker ants
  A hound skeleton (D:4)
  A howler monkey zombie (D:3)
  3 gnolls (D:5)
  6 adders
  A shadow imp (D:5)
  2 oozes
  An adder zombie (D:6)
  An adder skeleton (D:5)
  6 worms
  3 dart slugs
  3 fire bats (D:4)
  5 leopard geckos
  12 orcs
  2 spectral bats (D:4)
  20 bats
  3 bat skeletons (D:4)
  A bat zombie (D:4)
  7 giant cockroaches
  6 goblins
  6 hobgoblins
  9 jackals
  3 quokkas
  3 ball pythons
  A bat simulacrum (D:4)
  4 frilled lizards
  A jackal skeleton (D:4)
  2 kobolds (D:1)
  A leopard gecko skeleton (D:3)
  9 rats
171 creatures vanquished.

Notes
Turn   | Place    | Note
-------+----------+-------------------------------------------
     0 | D:1      | Anathary the Gargoyle Fighter began the quest for the Orb.
     0 | D:1      | Reached XP level 1. HP: 14/14 MP: 1/1
   294 | D:1      | Reached XP level 2. HP: 17/19 MP: 2/2
  1321 | D:2      | Reached XP level 3. HP: 23/23 MP: 3/3
  1329 | D:2      | Found a shattered altar of Ashenzari.
  1892 | D:2      | Found a shimmering altar of Xom.
  2243 | D:3      | Reached skill level 1 in Short Blades
  2243 | D:3      | Reached XP level 4. HP: 28/28 MP: 4/4
  2286 | D:3      | Noticed Natasha
  2292 | D:3      | Killed Natasha
  2292 | D:3      | Reached skill level 2 in Short Blades
  2318 | D:3      | Noticed Natasha
  2320 | D:3      | Reached XP level 5. HP: 32/32 MP: 5/5
  2329 | D:3      | Reached skill level 3 in Short Blades
  2353 | D:3      | Killed Natasha
  2461 | D:3      | Noticed Natasha
  2469 | D:3      | Killed Natasha
  2648 | D:3      | Reached skill level 4 in Short Blades
  2660 | D:3      | Reached XP level 6. HP: 37/37 MP: 6/6
  2848 | D:3      | Found a runed translucent door.
  2849 | D:3      | Noticed Crazy Yiuf
  2863 | D:3      | Killed Crazy Yiuf
  3083 | D:4      | Reached skill level 5 in Short Blades
  3119 | D:4      | Reached XP level 7. HP: 39/41 MP: 7/7
  3139 | D:4      | Found a glowing drain.
  3168 | Sewer    | Entered a sewer
  3502 | D:4      | Found a staircase to the Ecumenical Temple.
  3508 | Temple   | Entered the Ecumenical Temple
  3564 | Temple   | Became a worshipper of Warmaster Okawaru
  3602 | D:4      | Got a crystal hunting sling
  3603 | D:4      | Identified the +1 hunting sling of Jelucamu {flame, rPois
                  | Str+4} (You found it on level 4 of the Dungeon)
  3704 | D:4      | Reached skill level 6 in Short Blades
  3834 | D:4      | Found Nairecok's Antique Weapon Boutique.
  4397 | D:5      | Entered Level 5 of the Dungeon
  4646 | D:5      | Reached skill level 7 in Short Blades
  4845 | D:5      | Reached XP level 8. HP: 40/46 MP: 8/8
  4896 | D:5      | Reached * piety under Okawaru
  5066 | D:5      | Found a snail-covered altar of Cheibriados.
  5192 | D:5      | Found an ornate altar of the Wu Jian Council.
  5232 | D:5      | Reached skill level 8 in Short Blades
  6044 | D:6      | Reached skill level 9 in Short Blades
  6045 | D:6      | Noticed Grinder
  6061 | D:6      | Reached ** piety under Okawaru
  6092 | D:6      | Killed Grinder
  6092 | D:6      | Reached XP level 9. HP: 40/52 MP: 9/9
  6345 | D:6      | Found a hide-covered altar of Uskayaw.
  6345 | D:6      | Noticed a +0 dagger
  6345 | D:6      | Noticed a +0 dagger
  6535 | D:6      | Reached skill level 10 in Short Blades
  6576 | D:6      | Found a blossoming altar of Fedhas.
  6600 | D:6      | Noticed Eustachio
  6621 | D:6      | Killed Eustachio
  6803 | D:6      | Found a glowing silver altar of Zin.
  6853 | D:6      | Found Wowiofip's Magic Scroll Boutique.
  7269 | D:7      | Noticed Prince Ribbit
  7310 | D:7      | Slain by Prince Ribbit

Levels and vault maps discovered:
D:1:      mushboom_english_gardens, layout_basic
D:2:      layout_basic, lemuel_doored_altar, old_standard_altar, first_ration,
          kennysheep_generic_room_11
D:3:      layout_loops_ring, uniq_natasha, uniq_crazy_yiuf_cottage
D:4:      wander_river, layout_basic, minmay_temple_entry_wispy, serial_shops,
          kennysheep_mini_moat, portal_sewer_entry_f, hex_tiny,
          minmay_misc_feat_enclosed, minmay_misc_feat_iff, goddamned_bats
D:5:      layout_gridville, cheibriados_altar_1, nicolae_overflow_crystal_walls
D:6:      layout_basic, dancing_weapons_uskayaw, old_standard_altar,
          fedhas_altar_3, serial_shops, shop, chequers_mini_garden,
          hangedman_decor_push, uniq_eustachio, uniq_grinder
D:7:      layout_layer_cave, lemuel_zombie_altar_yredelemnul,
          kiku_gazebo_pond_becter, gammafunk_ghost_necromancy, grunt_livestock,
          david_defended_altar_elf, uniq_prince_ribbit1
Temple:   nicolae_temple_hex_pool

Skill      XL: |  1  2  3  4  5  6  7  8  9 |
---------------+----------------------------+-----
Axes           | 2 3 |  3.3
Short Blades   | 1 2 4 5 7 9 10 | 10.5
Armour         | 4 |  4.4
Fighting       | 4 |  4.2
Dodging        | |  0.3
Shields        | |  3.2

Action                   |  1- 3 |  4- 6 |  7- 9 || total
-------------------------+-------+-------+-------++-------
Melee: War axe           |    87 |       |       ||    87
       Rapier            |    37 |   128 |   492 ||   657
  Use: Scroll            |     3 |       |     7 ||    10
  Eat: Ration            |     1 |     1 |     4 ||     6
       Chunk             |     1 |       |       ||     1
Armor: Scale mail        |    69 |    39 |   346 ||   454
Dodge: Dodged            |    36 |    34 |   186 ||   256
Block: Shield            |    77 |    50 |   317 ||   444

Table legend:
 A = Non-vault XP
 B = Vault XP
 C = Vault XP percentage of total XP
 D = Non-vault monster count
 E = Vault monster count
 F = Vault count percentage of total count
                 A         B        C        D         E       F
            +---------+---------+-------+---------+---------+-------
      Total |    2800 |     750 |  21.1 |     127 |      44 |  25.7
            +---------+---------+-------+---------+---------+-------
        D:1 |      27 |       0 |   0.0 |      17 |       0 |   0.0
        D:2 |      35 |       2 |   5.4 |       9 |       1 |  10.0
        D:3 |     236 |      76 |  24.4 |      28 |       2 |   6.7
        D:4 |     409 |     190 |  31.7 |      13 |      24 |  64.9
        D:5 |    1000 |       0 |   0.0 |      28 |       0 |   0.0
        D:6 |     889 |     451 |  33.7 |      25 |       2 |   7.4
        D:7 |     204 |       0 |   0.0 |       7 |       0 |   0.0
      Sewer |       0 |      31 | 100.0 |       0 |      15 | 100.0
            +---------+---------+-------+---------+---------+-------
